 Dungeon Crawl Stone Soup version 0.31-a0-360-gb3e1d13bf4 (webtiles) character file.

Game seed: 15976817965750278445

26 LeprechaunX the Ruffian (level 3, -1/23 HPs)
             Began as an Octopode Shapeshifter on July 26, 2023.
             Killed from afar by Terence (10 damage)
             ... with a puff of flame
             ... on level 2 of the Dungeon.
             The game lasted 00:01:14 (752 turns).

LeprechaunX the Ruffian (Octopode Shapeshifter)      Turns: 752, Time: 00:01:14

Health: -1/23      AC:  1    Str: 16    XL:     3   Next: 8%
Magic:  3/3        EV: 13    Int: 10    God:
Gold:   75         SH:  0    Dex: 12    Spells: 2/2 levels left

rFire   . .          .
                       - Unarmed
rCold   . . .        (no shield)
rNeg    . . .        (helmet currently unavailable)
rPois   .            (no amulet)
rElec   .            (no ring)
rCorr   .            (no ring)
SInv    .            (no ring)
Will    .....        (no ring)
Stlth   ++           (no ring)
HPRegen 0.23/turn    (no ring)
MPRegen 0.08/turn    (no ring)
                     (no ring)

%: no passive effects
@: beast-form
A: beast (slay +2), almost no armour, amphibious, 8 rings, camouflage 1,
gelatinous body 1, (nimble swimmer 1), tentacles
a: Begin Untransformation


You were on level 2 of the Dungeon.
You were a hulking beast.
You visited 1 branch of the dungeon, and saw 2 of its levels.

You collected 75 gold pieces.

Inventory:

Hand Weapons
 a - a +0 orcbow
Missiles
 j - 6 boomerangs
Talismans
 b - a beast talisman
Scrolls
 c - a scroll of poison {unknown}
 e - a scroll of fog {unknown}
 h - a scroll of amnesia {unknown}
 i - 2 scrolls of identify {unknown}
Potions
 d - a potion of mutation {unknown}
 f - a potion of lignification
 g - 2 potions of curing {unknown}


   Skills:
 + Level 1.4 Fighting
 + Level 0.5 Ranged Weapons
 + Level 2.2 Dodging
 * Level 3.5 Unarmed Combat
 + Level 3.1 Shapeshifting


You had 2 spell levels left.
You didn't know any spells.
Your spell library contained the following spells:

 Spells                   Type           Power      Damage    Failure   Level
 Ensorcelled Hibernation  Hex/Ice        0%         N/A       50%         2
 Anguish                  Hex/Necr       0%         N/A       98%         4


Dungeon Overview and Level Annotations

Branches:
Dungeon (2/15)

Altars:

Annotations:
D:2 Terence


Innate Abilities, Weirdness & Mutations

You are a hulking beast.
Your limbs bulge with bestial killing power. (Slay +2)
You cannot wear most types of armour.
You are amphibious.
You can wear up to eight rings at the same time.
Your skin changes colour to match your surroundings (Stealth+).
Your rubbery body absorbs attacks. (AC +1, EV +1)
((You are camouflaged when in or above water. (Stealth+)))
You have tentacles for arms and can constrict up to eight enemies at once.


Message History

You see here a hobgoblin corpse.
A goblin comes into view. It is wielding a +0 dagger.
The goblin shouts!
A goblin is nearby!
A goblin is nearby!
The goblin barely misses you.
You closely miss the goblin. Your grab misses the goblin.
You squeeze the goblin.
You kill the goblin!
No target in view!
No target in view!
No target in view!
No target in view!
No target in view!
No target in view!
No target in view!
No target in view!
Things that are here:
a +0 dagger; a goblin corpse Terence and a worm come into view.
Terence is wielding a +0 flail and carrying a wand of flame.
There are monsters nearby!
There are monsters nearby!
Terence closely misses you.
You tentacle-slap Terence but do no damage.
You grab Terence.
You constrict Terence, but do no damage.
Terence hits you with a +0 flail!
You tentacle-slap Terence but do no damage.
You constrict Terence. Terence barely misses you.
You tentacle-slap Terence.
Terence is moderately wounded.
You constrict Terence. Terence hits you with a +0 flail.
You are too injured to fight recklessly!
You are too injured to fight recklessly!
You are too injured to fight recklessly!
You tentacle-slap Terence. You squeeze Terence.
Terence is heavily wounded.
You constrict Terence.
Terence zaps a wand.
The puff of flame hits you!
You die...

#.# #.#
#########
#.#
........#
#.#
........##
#.#
.........#
#.#
....w....#
#######.#
.........#
#.......#
......@h.#
#.#######
...#####.#
#.# #.#
#.# #.#
#.#
#.###.#
#.....#
#######


You could see Terence and a worm.

Vanquished Creatures
  2 dart slugs (D:1)
  4 giant cockroaches (D:1)
  3 goblins
  A hobgoblin (D:2)
  2 kobolds
  A quokka (D:1)
  3 ball pythons (D:1)
  2 frilled lizards (D:1)
  2 rats (D:1)
20 creatures vanquished.

Notes
Turn   | Place    | Note
-------+----------+-------------------------------------------
     0 | D:1      | LeprechaunX the Octopode Shapeshifter began the quest for
                  | the Orb.
     0 | D:1      | Reached XP level 1. HP: 13/13 MP: 1/1
   140 | D:1      | Reached XP level 2. HP: 18/18 MP: 2/2
   338 | D:1      | Found a faded altar of an unknown god.
   657 | D:2      | Reached XP level 3. HP: 19/23 MP: 3/3
   747 | D:2      | Noticed Terence
   752 | D:2      | Killed from afar by Terence

Illustrated notes

Levels and vault maps discovered:
D:1:      lemuel_arrival_rhombus, layout_basic, basic_ecumenical_altar,
          serial_park_tiny_pond
D:2:      wander_river, layout_basic, serial_shops, shop, uniq_terence

Action                     || total
---------------------------++-------
  Melee: Unarmed           ||    47
         Constrict         ||    14
         Tentacles         ||     8
         Punch             ||     3
   Stab: Sleeping          ||     2
 Armour: Skin              ||     3
  Dodge: Dodged            ||    30

Table legend: (Time is in decaauts)
 A = Elapsed time spent in this place.
 B = Non-inter-level travel time spent in this place.
 C = Inter-level travel time spent in this place.
 D = Time resting spent in this place.
 E = Time spent auto-exploring this place.
 F = Levels seen in this place.
 G = Mean time per level.
                   A        B        C        D        E       F      G
               +--------+--------+--------+--------+--------+-----+--------+
         Total |    749 |    694 |     55 |      0 |    547 |   2 |  374.5 |
       Dungeon |    749 |    694 |     55 |      0 |    547 |   2 |  374.5 |
               +--------+--------+--------+--------+--------+-----+--------+

Top non-repeatable levels by time:
     D:1: 627 daAuts
     D:2: 122 daAuts
